 Dungeon Crawl Stone Soup version 0.26.1-2-gb8aa6d0cf2 (webtiles) character file.

Game seed: 1116235295369360911

22928 Marvel the Severer (level 12, -3/113 HPs)
             Began as a Minotaur Fighter on Feb 12, 2021.
             Was a High Priest of Trog.
             Killed from afar by Azrael (25 damage)
             ... with damnation
             ... on level 13 of the Dungeon.
             The game lasted 00:28:07 (15070 turns).

Marvel the Severer (Minotaur Fighter)              Turns: 15070, Time: 00:28:08

Health: -3/113     AC: 13    Str: 31    XL:     12   Next: 67%
Magic:  11/11      EV: 11    Int:  8    God:    Trog [*****.]
Gold:   820        SH:  0    Dex:  9    Spells: 11/11 levels left

rFire    . . .     SeeInvis .   e - +6 executioner's axe "Nuroukem" {vamp, rElec Int+3}
rCold    + . .     Faith    .   (shield currently unavailable)
rNeg     . . .     Spirit   .   C - +5 scale mail
rPois    .         Reflect  .   (helmet restricted)
rElec    +         Harm     .   W - scarf {repulsion}
rCorr    +         Rampage  .   (no gloves)
Will     ++...                  L - +2 pair of boots
Stlth    +.........             P - amulet "Waim" {RegenMP Str+4 Stlth+}
HPRegen  1.28/turn              y - ring of protection from cold
MPRegen  0.37/turn              V - ring of resist corrosion

@: lethally poisoned (-3 -> -3), corroded, regenerating, repel missiles
A: retaliatory headbutt, horns 2
a: Renounce Religion, Berserk, Trog's Hand, Brothers in Arms


You were on level 13 of the Dungeon.
You worshipped Trog.
Trog was extremely pleased with you.
You visited 2 branches of the dungeon, and saw 14 of its levels.

You collected 820 gold pieces.

Inventory:

Hand Weapons
 a - a +5 executioner's axe of draining
 e - the +6 executioner's axe "Nuroukem" (weapon) {vamp, rElec Int+3}
   (You acquired it on level 13 of the Dungeon)

   It inflicts no extra harm, but heals its wielder when it wounds a living foe.
   It affects your intelligence (+3).
   It insulates you from electricity.
 R - a +3 battleaxe of electrocution
 Y - the +3 mace "Xeilav" {vorpal, rC+ Stlth+}
   (You found it on level 11 of the Dungeon)

   It inflicts extra damage upon your enemies.
   It protects you from cold.
   It makes you more stealthy.
Missiles
 m - 93 poisoned darts (quivered)
 q - 7 atropa-tipped darts
Armour
 C - a +5 scale mail (worn)
 F - the +1 ring mail "Juckamoz" {Int+3}
   (You found it on level 4 of the Dungeon)

   It affects your intelligence (+3).
 L - a +2 pair of boots (worn)
 W - a scarf of repulsion (worn)
Jewellery
 j - an uncursed ring of ice
 n - an uncursed amulet of guardian spirit
 u - an uncursed ring of fire
 y - a ring of protection from cold (left hand)
 O - the ring "Samoesab" {MP+9 Dex+4}
   (You found it on level 7 of the Dungeon)

   [ring of magical power]

   It affects your dexterity (+4).
   It affects your magic capacity (+9).
 P - the amulet "Waim" (around neck) {RegenMP Str+4 Stlth+}
   (You acquired it on level 11 of the Dungeon)

   [amulet of magic regeneration]

   It increases your magic regeneration.
   It affects your strength (+4).
   It makes you more stealthy.
 T - a +6 ring of dexterity
 V - a ring of resist corrosion (right hand)
Wands
 b - a wand of random effects (8)
 M - a wand of flame (41)
 N - a wand of acid (23)
 Q - a wand of disintegration (34)
 U - a wand of enslavement (8)
Scrolls
 c - a scroll of silence
 f - 15 scrolls of identify
 h - 4 scrolls of magic mapping
 l - 7 scrolls of teleportation
 p - a scroll of enchant armour
 v - 2 scrolls of noise
 x - 3 scrolls of amnesia
 z - 3 scrolls of immolation
 B - 6 scrolls of fog
 E - a scroll of blinking
 I - 7 scrolls of remove curse
Potions
 d - 3 potions of might
 g - 2 potions of brilliance {unknown}
 i - 4 potions of ambrosia
 k - 3 potions of degeneration {unknown}
 o - 3 potions of lignification {unknown}
 r - a potion of haste
 s - 3 potions of curing
 w - 4 potions of heal wounds
 G - 3 potions of flight {unknown}
 H - a potion of cancellation {unknown}
 X - a potion of berserk rage {unknown}


   Skills:
 + Level 12.5 Fighting
 + Level 18.0 Axes
 - Level 1.6 Throwing
 + Level 10.8 Armour
 - Level 1.5 Dodging
 - Level 2.0 Stealth
 - Level 4.9 Shields


You had 11 spell levels left.
You didn't know any spells.
Your spell library was empty.

Dungeon Overview and Level Annotations

Branches:
Dungeon (13/15)            Temple (1/1) D:5            Lair (0/6) D:9
    Orc (0/2) D:10         Vaults (0/5) D:13

Altars:
Ashenzari
Cheibriados
Dithmenos
Elyvilon
Fedhas
Gozag
Hepliaklqana
Kikubaaqudgha
Makhleb
Nemelex Xobeh
Okawaru
Qazlal
Ru
Sif Muna
Trog
Uskayaw
Vehumet
Wu Jian
Xom
Yredelemnul
Zin
The Shining One

Annotations:
D:13 Azrael


Innate Abilities, Weirdness & Mutations

You reflexively headbutt those who attack you in melee.
You have a pair of horns on your head.


Message History

You feel sick. The killer bee closely misses you. The killer bee misses you.
You barely miss the killer bee.
The killer bee is severely wounded.
The killer bee closely misses you.
The killer bee stings you but does no damage.
You barely miss the killer bee.
The killer bee is severely wounded.
The killer bee closely misses you. The killer bee misses you.
You slice the killer bee!!
You feel better.
You kill the killer bee!
Trog accepts your kill.
You feel sick.
The hell hound bites you but does no damage.
You slice the hell hound!!
You kill the hell hound!
Trog accepts your kill. The killer bee closely misses you.
Azrael gestures at you.
The sphere of damnation explodes!
The damnation engulfs you!!
You die...

#...........##.#
######.####.##.# #.#
#.##.# #.####.##.#
#......##.#
#########.# ..#.#
#####.#.# #Ryy@.#.#
.>.....###.#.####..#
....### #........#
... #.....##..# #
#....## ...#.##
#####.# #.# #+#


You could see Azrael and 2 killer bees.

Vanquished Creatures
  Nessos (D:13)
  A hydra (D:12)
  A boulder beetle (D:11)
  Erolcha (D:13)
  3 two-headed ogres
  2 centaur warriors
  Urug (D:13)
  An orc knight (D:13)
  6 ugly things
  2 deep elf magi
  2 wolf spiders (D:10)
  A centaur zombie (D:13)
  2 kobold demonologists (D:13)
  A komodo dragon (D:13)
  A hornet (D:12)
  2 trolls (D:12)
  A shadow (D:11)
  3 wraiths
  A wyvern (D:13)
  16 humans (D:13)
  A vampire mosquito (D:13)
  Menkaure (D:5)
  2 wargs (D:9)
  2 water moccasins
  An acid dragon (D:11)
  4 hell hounds (D:13)
  A black bear (D:11)
  Purgy (D:3)
  Duvessa (D:5)
  5 ice beasts
  2 sky beasts
  6 orc warriors
  8 ogres
  A phantom (D:4)
  4 centaurs
  3 big kobolds
  A wyvern zombie (D:8)
  6 bullfrogs
  Dowan (D:5)
  2 scorpions
  8 killer bees
  5 wights (D:8)
  6 orc priests
  8 hounds
  5 jellies
  2 bullfrog skeletons
  3 bullfrog zombies
  Crazy Yiuf (D:3)
  A centaur skeleton (D:8)
  Jessica (D:3)
  3 iguanas
  14 worker ants
  17 orc wizards
  A hound zombie (D:9)
  2 worker ant zombies
  13 adders
  3 gnolls (D:8)
  2 shadow imps
  2 white imps
  An ufetubus (D:9)
  2 oozes
  2 adder skeletons
  3 worms
  A dart slug (D:1)
  8 leopard geckos
  81 orcs
  10 bats
  9 giant cockroaches
  11 goblins
  13 hobgoblins
  6 jackals
  20 kobolds
  6 quokkas
  6 frilled lizards
  A leopard gecko skeleton (D:5)
  6 rats
385 creatures vanquished.

Vanquished Creatures (others)
  A killer bee (D:13)
1 creature vanquished.

Grand Total: 386 creatures vanquished

Notes
Turn   | Place    | Note
-------+----------+-------------------------------------------
     0 | D:1      | Marvel the Minotaur Fighter began the quest for the Orb.
     0 | D:1      | Reached XP level 1. HP: 19/19 MP: 0/0
   115 | D:1      | Reached XP level 2. HP: 24/27 MP: 1/1
   317 | D:1      | Reached skill level 3 in Axes
   449 | D:1      | Reached XP level 3. HP: 33/33 MP: 2/2
  1179 | D:2      | Found a sacrificial altar of Ru.
  1179 | D:2      | Found a hazy altar of Hepliaklqana.
  1193 | D:2      | Found a radiant altar of Vehumet.
  1372 | D:2      | Reached XP level 4. HP: 40/40 MP: 3/3
  1463 | D:3      | Reached skill level 4 in Axes
  1463 | D:3      | Reached skill level 1 in Dodging
  1546 | D:3      | Noticed Jessica
  1549 | D:3      | Killed Jessica
  1550 | D:3      | Reached XP level 5. HP: 46/46 MP: 4/4
  1885 | D:3      | Noticed Purgy
  1891 | D:3      | Killed Purgy
  1892 | D:3      | Reached skill level 5 in Axes
  1964 | D:3      | Reached XP level 6. HP: 45/53 MP: 5/5
  2067 | D:3      | Found a runed translucent door.
  2068 | D:3      | Noticed Crazy Yiuf
  2656 | D:3      | Killed Crazy Yiuf
  2657 | D:3      | Reached skill level 5 in Armour
  2781 | D:4      | Reached skill level 6 in Axes
  2886 | D:4      | Got a fine ring mail
  2897 | D:4      | Identified the cursed +1 ring mail "Juckamoz" {Int+3} (You
                  | found it on level 4 of the Dungeon)
  3010 | D:4      | Reached skill level 5 in Fighting
  3306 | D:4      | Reached XP level 7. HP: 59/61 MP: 6/6
  3563 | D:4      | Reached skill level 7 in Axes
  4184 | D:5      | Entered Level 5 of the Dungeon
  4219 | D:5      | Noticed Duvessa
  4219 | D:5      | Noticed Dowan
  4229 | D:5      | Killed Duvessa
  4230 | D:5      | Reached skill level 8 in Axes
  4242 | D:5      | Killed Dowan
  4243 | D:5      | Reached XP level 8. HP: 50/70 MP: 5/7
  4468 | D:5      | Found a staircase to the Ecumenical Temple.
  4477 | Temple   | Entered the Ecumenical Temple
  4723 | Temple   | Became a worshipper of Trog the Wrathful
  5279 | D:5      | Noticed Menkaure
  5284 | D:5      | Killed Menkaure
  5285 | D:5      | Reached skill level 9 in Axes
  5285 | D:5      | Reached skill level 1 in Stealth
  5306 | D:5      | Reached skill level 1 in Throwing
  5782 | D:6      | Reached * piety under Trog
  5783 | D:6      | Reached skill level 10 in Axes
  6031 | D:6      | Found an iron altar of Okawaru.
  6088 | D:6      | Reached XP level 9. HP: 79/79 MP: 8/8
  6233 | D:6      | Found a shimmering blue altar of Sif Muna.
  7057 | D:7      | Found a glowing golden altar of the Shining One.
  7082 | D:7      | Reached skill level 11 in Axes
  7574 | D:7      | Got an ancient bone ring
  7882 | D:7      | Identified the ring "Samoesab" {MP+9 Dex+4} (You found it
                  | on level 7 of the Dungeon)
  8159 | D:8      | Reached ** piety under Trog
  8280 | D:8      | Reached skill level 12 in Axes
  8870 | D:9      | Reached XP level 10. HP: 90/90 MP: 9/9
  9053 | D:9      | Noticed a green ugly thing
  9069 | D:9      | Killed a green ugly thing
  9535 | D:9      | Found a staircase to the Lair.
  9546 | D:9      | Reached skill level 13 in Axes
  9555 | D:9      | Reached *** piety under Trog
 10165 | D:10     | Entered Level 10 of the Dungeon
 10232 | D:10     | Found a staircase to the Orcish Mines.
 10511 | D:10     | Noticed a green ugly thing
 10511 | D:10     | Noticed a red ugly thing
 10511 | D:10     | Noticed a centaur warrior
 10529 | D:10     | Killed a white ugly thing
 10533 | D:10     | Killed a centaur warrior
 10534 | D:10     | Reached skill level 14 in Axes
 10535 | D:10     | Killed a white ugly thing
 10536 | D:10     | Reached skill level 10 in Fighting
 10761 | D:10     | Noticed a wolf spider
 10761 | D:10     | Noticed a wolf spider
 10769 | D:10     | Killed a wolf spider
 10769 | D:10     | Killed a wolf spider
 10770 | D:10     | Reached XP level 11. HP: 16/99 MP: 6/10
 11587 | D:11     | Noticed a two-headed ogre
 11596 | D:11     | Killed a two-headed ogre
 11693 | D:11     | Reached skill level 15 in Axes
 11744 | D:11     | Noticed a boulder beetle
 11755 | D:11     | Killed a boulder beetle
 11991 | D:11     | Got a translucent mace
 11992 | D:11     | Identified the +3 mace "Xeilav" {vorpal, rC+ Stlth+} (You
                  | found it on level 11 of the Dungeon)
 11998 | D:11     | Identified a scroll of acquirement
 11998 | D:11     | Acquired the amulet "Waim" {RegenMP Str+4 Stlth+}
 12061 | D:11     | Reached **** piety under Trog
 12486 | D:12     | Noticed a deep elf mage
 12487 | D:12     | Noticed an eight-headed hydra
 12495 | D:12     | Killed a deep elf mage
 12501 | D:12     | Killed an eight-headed hydra
 12900 | D:12     | Reached skill level 10 in Armour
 12979 | D:12     | Acquired a +5 executioner's axe of draining
 13020 | D:12     | Noticed a two-headed ogre
 13030 | D:12     | Killed a two-headed ogre
 13227 | D:12     | Reached ***** piety under Trog
 13322 | D:12     | Noticed a red ugly thing
 13328 | D:12     | Killed a red ugly thing
 13329 | D:12     | Reached skill level 16 in Axes
 13876 | D:13     | Found a gate to the Vaults.
 13876 | D:13     | Noticed a centaur warrior
 13876 | D:13     | Noticed an orc knight
 13876 | D:13     | Noticed a two-headed ogre
 13882 | D:13     | Killed a two-headed ogre
 13884 | D:13     | Killed a centaur warrior
 13885 | D:13     | Reached XP level 12. HP: 85/110 MP: 11/11
 13892 | D:13     | Noticed Erolcha
 13894 | D:13     | Reached skill level 17 in Axes
 14219 | D:13     | Killed Erolcha
 14357 | D:13     | Noticed Nessos
 14360 | D:13     | Killed Nessos
 14981 | D:13     | Acquired the +6 executioner's axe "Nuroukem" {vamp, rElec
                  | Int+3}
 15040 | D:13     | Noticed Urug
 15041 | D:13     | Noticed Azrael
 15061 | D:13     | Killed Urug
 15062 | D:13     | Reached skill level 18 in Axes
 15070 | D:13     | Killed from afar by Azrael

Illustrated notes

Levels and vault maps discovered:
D:1:      psy_arrival_whirlpool, layout_basic, minmay_three_crescents
D:2:      layout_rooms, grunt_temple_overflow_open,
          minmay_randomly_rotated_circles
D:3:      layout_loops_ring, amcnicky_mini_corridor_feature,
          minmay_close_crescents, uniq_purgy, uniq_jessica,
          uniq_crazy_yiuf_cottage
D:4:      layout_basic, chequers_mini_garden, minmay_diced_spiral
D:5:      layout_rooms, lemuel_temple_firewalk_b, serial_corexii_hall,
          chequers_hall_statues_corner_a, chequers_hall_statues_y,
          corexii_hall_statues_s, grunt_ministairs_6, kennysheep_another_room,
          uniq_menkaure, uniq_duvessa
D:6:      kennysheep_orc_sif_temple, layout_basic, okawaru_metal_pillars_1_2,
          minmay_chambers_of_fives
D:7:      layout_layer_cave, nicolae_tso_carved_into_rock
D:8:      layout_basic
D:9:      layout_loops_ring, erik_lair_orcish_takeover
D:10:     minmay_shrinking_squares, layout_loops_ring, hiddenorc2_lemuel
D:11:     layout_rooms
D:12:     layout_cave_pools, serial_park, serial_park_tiny_2,
          gauntlet_entry_generic
D:13:     layout_loops_corners, david_vaults_3, enter_bailey_7, drop_trap,
          hangedman_abyss_or_decor_slice, minmay_diamond_spiral, uniq_erolcha,
          uniq_sonja, uniq_nessos, uniq_azrael, uniq_urug
Temple:   dpeg_five_rooms_temple

Skill      XL: |  1  2  3  4  5  6  7  8  9 10 11 12 |
---------------+-------------------------------------+-----
Fighting       | 4 5 7 8 10 11 12 | 12.5
Armour         | 4 5 7 8 10 | 10.8
Axes           | 3 4 5 6 8 10 12 14 16 18 | 18.0
Shields        | 4 |  4.9
Dodging        | 1 |  1.5
Stealth        | 1 2 |  2.0
Throwing       | 1 |  1.6

Action                   |  1- 3 |  4- 6 |  7- 9 | 10-12 || total
-------------------------+-------+-------+-------+-------++-------
Melee: War axe           |   102 |   153 |   298 |       ||   553
       Headbutt          |     8 |    18 |    72 |    62 ||   160
       Battleaxe         |       |       |    21 |   185 ||   206
       Executioner's axe |       |       |       |   124 ||   124
       Mace              |       |       |       |     8 ||     8
Throw: Dart              |       |       |     7 |     5 ||    12
Invok: Berserk           |       |       |       |     4 ||     4
       Trog's Hand       |       |       |       |     2 ||     2
  Use: Scroll            |     1 |     8 |     1 |     9 ||    19
       Potion            |       |     1 |       |     2 ||     3
 Stab: Sleeping          |       |       |       |     1 ||     1
Armor: Scale mail        |    38 |    85 |   133 |   208 ||   464
       Ring mail         |       |     6 |    11 |       ||    17
Dodge: Dodged            |    31 |    57 |   106 |   214 ||   408
       Repelled          |       |       |       |     2 ||     2
Block: Kite shield       |    50 |    86 |   135 |       ||   271
